 Dungeon Crawl Stone Soup version 0.25-a0-547-g27a0b5d1ef (console) character file.

Game seed: 15812679442177157466, levelgen mode: deterministic

115 utis the Shooter (level 5, 31/31 HPs)
             Began as a Tengu Arcane Marksman on Feb 22, 2020.
             Quit the game on level 3 of the Dungeon.
             The game lasted 00:09:16 (3141 turns).

utis the Shooter (Tengu Arcane Marksman)            Turns: 3141, Time: 00:09:17

Health: 31/31      AC:  2    Str: 11    XL:     5   Next: 0%
Magic:  7/7        EV: 13    Int: 14    God:
Gold:   123        SH:  0    Dex: 14    Spells: 3/6 levels left

rFire    . . .     SeeInvis .   a - +0 short sword
rCold    . . .     Gourm    .   (no shield)
rNeg     . . .     Faith    .   e - +0 robe
rPois    .         Spirit   .   (helmet restricted)
rElec    .         Reflect  .   (no cloak)
rCorr    .         Harm     .   (no gloves)
MR       .....                  (boots unavailable)
Stlth    +.........             g - amulet of regeneration {@e1}
HPRegen  0.50/turn              L - ring of flight
MPRegen  0.10/turn              (no ring)

@: no status effects
A: beak, talons 3, able to fly
a: Fly, Evoke Flight


You were on level 3 of the Dungeon.
You were not hungry.

You visited 1 branch of the dungeon, and saw 3 of its levels.

You collected 123 gold pieces.

Inventory:

Hand Weapons
 a - a +0 short sword (weapon)
 b - a +0 hunting sling
 h - a +0 dagger
 w - a +0 shortbow
Missiles
 d - 63 arrows
 k - 23 stones (quivered)
 r - 2 poisoned darts
Armour
 e - a +0 robe (worn)
Jewellery
 g - an amulet of regeneration (around neck) {@e1}
 L - a ring of flight (left hand)
Wands
 s - a wand of enslavement (9)
Scrolls
 c - a scroll of noise {unknown}
 j - a scroll of enchant armour {unknown}
 l - a scroll of remove curse {@r2}
 m - a scroll of fog {unknown}
 n - a scroll of teleportation {unknown}
 u - a scroll of enchant weapon {unknown}
 v - a scroll of fear {unknown}
 x - a scroll of blinking {unknown}
Potions
 o - a potion of haste {@q3}
 p - a potion of curing {@q1}
 q - 2 potions of degeneration {@e1}
 t - a potion of mutation {unknown}
Comestibles
 f - 5 rations {@e1}


   Skills:
 + Level 2.6 Fighting
 + Level 3.6 Bows
 + Level 3.5 Dodging
 - Level 1.0 Spellcasting
 - Level 2.1 Hexes


You had 3 spell levels left.
You knew the following spells:

 Your Spells              Type           Power        Failure   Level  Hunger
a - Corona                Hex            #......      11%         1    ##.....
w - Slow                  Hex            #.......     16%         2    ###....

Your spell library contained the following spells:

 Spells                   Type           Power        Failure   Level  Hunger
 Inner Flame              Hex/Fire       #.......     45%         3    ####...
 Portal Projectile        Hex/Tloc       #.....       45%         3    ####...
 Cause Fear               Hex            #.........   71%         4    #####..
 Leda's Liquefaction      Hex/Erth       #.........   86%         4    #####..


Dungeon Overview and Level Annotations

Branches:
Dungeon (3/15)

Altars:
Fedhas


Innate Abilities, Weirdness & Mutations

You have a beak for a mouth.
You have claws for feet.
You can fly continuously.


Message History

a +0 club; a kobold corpse
d - 57 arrows (gained 1)
d - 58 arrows (gained 1) All of the chunks of flesh in your inventory have rotted away.
You are starting to lose your buoyancy.
d - 59 arrows (gained 1)
d - 60 arrows (gained 1)
d - 63 arrows (gained 3)
You float gracefully downwards.
k - 21 stones (gained 1)
k - 22 stones (gained 1)
k - 23 stones (gained 1)
An adder comes into view.
An adder is nearby!
Saving game... please wait.
Welcome back, utis the Tengu Arcane Marksman.
Press ? for a list of commands and other information.
Unknown command.
Enter note: nope, not playing without permaflight.
Are you sure you want to abandon this character and quit the game? (Confirm with "yes".)

░.░
░░.░░░░░░░░░░░░
..............░
░░.░░░░░░░░░░.░
░░.░.░░░░░░░░.░
...░<.........░
░░░░░░░░░░░░░░░░░░
S.....➘➘░ ░Q░ ░.░
░.░ ░.░ ░░░ ░.░
..░ ░.░ ░.░ ░.░
░.░ ░.░ ░.░ ░.░


You could see an adder (sleeping).

Vanquished Creatures
  3 adders
  An ooze (D:1)
  A worm (D:3)
  A dart slug (D:1)
  6 leopard geckos
  5 orcs (D:3)
  A ball python (D:1)
  2 giant cockroaches
  10 goblins
  5 hobgoblins
  4 jackals (D:1)
  A quokka (D:2)
  9 bats
  A frilled lizard (D:2)
  9 kobolds
  3 rats
62 creatures vanquished.

Notes
Turn   | Place    | Note
-------+----------+-------------------------------------------
     0 | D:1      | utis the Tengu Arcane Marksman began the quest for the Orb.
     0 | D:1      | Reached XP level 1. HP: 12/12 MP: 3/3
   167 | D:1      | Reached XP level 2. HP: 13/16 MP: 4/4
   180 | D:1      | Learned a level 2 spell: Slow
   556 | D:1      | Reached XP level 3. HP: 21/21 MP: 5/5
  1926 | D:2      | Reached XP level 4. HP: 10/26 MP: 6/6
  2182 | D:2      | Found a blossoming altar of Fedhas.
  3083 | D:3      | Gained mutation: You can fly continuously. [Tengu growth]
  3083 | D:3      | Reached XP level 5. HP: 31/31 MP: 7/7
  3095 | D:3      | what
  3141 | D:3      | nope, not playing without permaflight.
  3141 | D:3      | Quit the game

Levels and vault maps discovered:
D:1:      dpeg_arrival_another_circle, layout_basic, nrook_mini_vaults
D:2:      layout_basic, fedhas_altar_fruit_tree, first_ration
D:3:      corexii_shack_village, layout_basic

Skill      XL: |  1  2  3 |
---------------+----------+-----
Fighting       | 2 |  2.6
Dodging        | 3 |  3.5
Bows           | 3 |  3.6
Spellcasting   | |  1.0
Hexes          | |  2.1

Action                   |  1- 3 |  4- 6 || total
-------------------------+-------+-------++-------
Melee: Unarmed           |    12 |       ||    12
       Kick              |     9 |     4 ||    13
       Peck              |     6 |     5 ||    11
       Dagger            |     8 |       ||     8
       Short sword       |    19 |    31 ||    50
 Fire: Shortbow          |    23 |    35 ||    58
       Hunting sling     |    43 |    59 ||   102
 Cast: Corona            |    11 |       ||    11
 Abil: Evoke Flight      |       |     1 ||     1
  Use: Scroll            |       |     5 ||     5
  Eat: Chunk             |     3 |     4 ||     7
Armor: Robe              |    12 |     8 ||    20
Dodge: Dodged            |    48 |    44 ||    92

Table legend:
 A = Non-vault XP
 B = Vault XP
 C = Vault XP percentage of total XP
 D = Non-vault monster count
 E = Vault monster count
 F = Vault count percentage of total count
                 A         B        C        D         E       F
            +---------+---------+-------+---------+---------+-------
      Total |     162 |       3 |   1.8 |      60 |       2 |   3.2
            +---------+---------+-------+---------+---------+-------
        D:1 |      62 |       0 |   0.0 |      30 |       0 |   0.0
        D:2 |      53 |       0 |   0.0 |      15 |       0 |   0.0
        D:3 |      47 |       3 |   6.0 |      15 |       2 |  11.8
            +---------+---------+-------+---------+---------+-------
